cohdb
Replays
Latest Replays
All Replays
Popular Replays
Top Player Replays
Match Explorer
How It Works
Community
CoH3 Stats
Reddit
Sign in to upload your games and track your stats! →
Sign in with Steam
Match 45995991
Unlisted
Match 45995991
Overview
Messages
Build Orders
End
Construct Barracks
Riflemen Squad
Riflemen Squad
Riflemen Squad
M1 Mortar Team
Construct Medical Station
Infantry Support Center
Riflemen Squad
Construct Motor Pool
M8 Greyhound Armored Car
Engineer Squad
M1 Anti-tank Gun Team
M1918 Browning Automatic Rifles
Mortar Pit
M1 Anti-tank Gun Team
Selects Heavy Weapons
Selects Assault Carriers
Selects Halftrack Strongpoints
Grenade Package
Advanced Logistics
M1 Anti-tank Gun Team
Selects M26 Pershing Heavy Tank
M26 Pershing Heavy Tank
Engineer Squad
Selects M2HB .50cal Heavy Machine Gun
Survival Training
M1 Anti-tank Gun Team
Ra11
HulkSMASH
Dunkerque
NEP_wilson_NEP
0
0
Comments
sign in to comment!
No comments posted yet!